 Dungeon Crawl Stone Soup version 0.32-a0-131-g9dbbe29261 (webtiles) character file.

Game seed: 3638429207737579995

317289 Sobieck the Gnoll Aeon (level 21, -15/171 HPs)
             Began as a Gnoll Monk on Feb 7, 2024.
             Was the Champion of Cheibriados.
             Demolished by a vault warden
             ... wielding a +0 glaive
              (16 damage)
             ... on level 4 of the Vaults on Feb 8, 2024.
             The game lasted 02:30:56 (46796 turns).

Sobieck the Gnoll Aeon (Gnoll Monk)                Turns: 46796, Time: 02:30:57

Health: -15/171    AC: 34    Str: 35    XL:     21   Next: 42%
Magic:  0/48       EV: 31    Int: 44    God:    Cheibriados [******]
Gold:   1511       SH: 17    Dex: 31    Spells: 5/49 levels left

rFire   . . .        a - +2 demon trident (elec)
rCold   + + .        Y - +0 kite shield {AC+3}
rNeg    + + +        g - +6 chain mail "Bifat" {rC+ Str+3 Int+2}
rPois   +            T - +2 helmet {SInv}
rElec   +            M - +2 cloak
rCorr   .            s - +0 pair of gloves of Feral Fun {rElec rPois}
SInv    +            t - +1 pair of boots
Will    +++..        m - amulet of Ruilipt {Spirit rC+}
Stlth   +++          o - ring "Misog" {rN+++ Str+4 Int+6 Dex+2 Stlth-}
HPRegen 0.48/turn    v - ring "Futhovua" {Will++ MP+9 EV+5 Str+2}
MPRegen 0.31/turn

%: guardian spirit
@: very slow
A: fangs 1, strong nose, distributed training
}: 2/15 runes: serpentine, barnacled
a: Renounce Religion, Bend Time, Temporal Distortion, Slouch, Step From Time


You were on level 4 of the Vaults.
You worshipped Cheibriados.
Cheibriados was exalted by your worship.
You visited 8 branches of the dungeon, and saw 38 of its levels.
You also visited: Ossuary and Ice Cave.

You collected 5512 gold pieces.
You spent 4001 gold pieces at shops.

Inventory:

Hand Weapons
 a - a +2 demon trident of electrocution (weapon)
 b - a +2 hand cannon of freezing
Missiles
 w - 6 silver javelins
 L - 35 poisoned darts
 U - 18 boomerangs (quivered)
 V - 10 javelins
 Z - 10 throwing nets
Armour
 g - the +6 chain mail "Bifat" (worn) {rC+ Str+3 Int+2}
   (You acquired it in an ossuary)

   Str+3:     It affects your strength (+3).
   Int+2:     It affects your intelligence (+2).
   rC+:       It protects you from cold.
 s - the +0 pair of gloves of Feral Fun (worn) {rElec rPois}
   (You acquired it in an ossuary)

   rElec:     It insulates you from electricity.
   rPois:     It protects you from poison
 t - a +1 pair of boots (worn)
 M - a +2 cloak (worn)
 T - a +2 helmet of see invisible (worn)
 Y - a +0 kite shield of protection (worn)
Jewellery
 m - the amulet of Ruilipt (around neck) {Spirit rC+}
   (You acquired it in an ossuary)

   [amulet of guardian spirit]

   Spirit:    It causes incoming damage to be divided between your reserves of
   health and magic.
   rC+:       It protects you from cold.
 o - the ring "Misog" (left hand) {rN+++ Str+4 Int+6 Dex+2 Stlth-}
   (You bought it in a shop on level 2 of the Snake Pit)

   [ring of intelligence]

   Str+4:     It affects your strength (+4).
   Int+6:     It affects your intelligence (+6).
   Dex+2:     It affects your dexterity (+2).
   rN+++:     It renders you almost immune to negative energy.
   Stlth-:    It makes you less stealthy.
 v - the ring "Futhovua" (right hand) {Will++ MP+9 EV+5 Str+2}
   (You bought it in a shop on level 2 of the Snake Pit)

   [ring of evasion]

   EV+5:      It affects your evasion (+5).
   Str+2:     It affects your strength (+2).
   Will++:    It greatly increases your willpower.
   MP+9:      It affects your magic capacity (+9).
 z - a ring of resist corrosion
 J - the ring "Xaemuluu" {+Blink rC+}
   (You took it off a deep elf high priest on level 3 of the Elven Halls)

   [ring of protection from cold]

   rC+:       It protects you from cold.
   +Blink:    It lets you blink.
Wands
 i - a wand of quicksilver (10)
 u - a wand of iceblast (38)
 x - a wand of digging (16)
 Q - a wand of paralysis (44)
 W - a wand of flame (85)
Scrolls
 d - 6 scrolls of fear
 e - 23 scrolls of teleportation
 f - 6 scrolls of blinking
 j - 4 scrolls of fog
 n - 4 scrolls of silence
 p - 7 scrolls of vulnerability
 y - 10 scrolls of poison
 C - 7 scrolls of amnesia
 E - 3 scrolls of noise
 I - 7 scrolls of immolation
 O - 2 scrolls of revelation
 R - 25 scrolls of identify
 X - 4 scrolls of butterflies
Potions
 c - 2 potions of ambrosia
 h - 11 potions of curing
 k - 5 potions of might
 l - 6 potions of lignification
 r - 2 potions of invisibility
 A - a potion of heal wounds
 B - 3 potions of enlightenment
 D - a potion of berserk rage
 F - 2 potions of mutation
 G - 3 potions of attraction
 H - 3 potions of cancellation
 K - 7 potions of brilliance
 N - 4 potions of resistance
 P - 3 potions of magic
Miscellaneous
 q - a sack of spiders
 S - a lightning rod (4/4)


   Skills:
 + Level 16.1 Fighting
 + Level 16.1 Short Blades
 + Level 14.9 Long Blades
 + Level 14.9 Axes
 + Level 14.9 Maces & Flails
 + Level 14.9 Polearms
 + Level 14.9 Staves
 + Level 14.9 Ranged Weapons
 + Level 14.9 Throwing
 + Level 14.9 Armour
 + Level 16.1 Dodging
 + Level 14.9 Stealth
 + Level 14.9 Shields
 + Level 14.9 Unarmed Combat
 + Level 14.9 Spellcasting
 + Level 12.6 Conjurations
 + Level 12.6 Hexes
 + Level 12.6 Summonings
 + Level 12.6 Necromancy
 + Level 12.6 Translocations
 + Level 12.6 Fire Magic
 + Level 12.6 Ice Magic
 + Level 12.6 Air Magic
 + Level 12.6 Earth Magic
 + Level 12.6 Alchemy
 + Level 16.1 Invocations
 + Level 14.9 Evocations
 + Level 13.7 Shapeshifting


You had 5 spell levels left.
You knew the following spells:

 Your Spells              Type           Power      Damage    Failure   Level
c - Lesser Beckoning      Tloc           100%       N/A       1%          2
d - Summon Blazeheart Go  Fire/Summ      97%        N/A       1%          4
e - Yara's Violent Unrav  Hex/Alch       48%        3d19      1%          5
f - Borgnjor's Vile Clut  Necr/Erth      48%        N/A       1%          5
g - Ignite Poison         Fire/Alch      97%        N/A       1%          4
h - Olgreb's Toxic Radia  Alch           97%        N/A       1%          4
A - Summon Forest         Summ/Tloc      48%        N/A       1%          5
B - Summon Lightning Spi  Summ/Air       97%        N/A       1%          4
C - Summon Mana Viper     Hex/Summ       97%        N/A       1%          5
D - Summon Cactus Giant   Summ           48%        N/A       2%          6

Your spell library contained the following spells:

 Spells                   Type           Power      Damage    Failure   Level
 Apportation              Tloc           100%       N/A       0%          1
 Freeze                   Ice            100%       1d10      0%          1
 Kiss of Death            Conj/Necr      100%       2d13      0%          1
 Necrotise                Necr           100%       1d9       0%          1
 Sting                    Conj/Alch      100%       1d9       0%          1
 Summon Small Mammal      Summ           100%       N/A       0%          1
 Blink                    Tloc           100%       N/A       1%          2
 Cigotuvi's Dreadful Rot  Necr/Alch/Air  100%       N/A       1%          2
 Jinxbite                 Hex            100%       N/A       1%          2
 Mercury Vapours          Alch/Air       100%       N/A       1%          2
 Momentum Strike          Conj/Tloc      100%       3d10      1%          2
 Sublimation of Blood     Necr           97%        N/A       1%          2
 Call Canine Familiar     Summ           97%        N/A       1%          3
 Confusing Touch          Hex            97%        N/A       1%          3
 Dazzling Flash           Conj/Hex       100%       N/A       1%          3
 Frozen Ramparts          Ice            100%       1d16      1%          3
 Gell's Gravitas          Tloc           97%        N/A       1%          3
 Hailstorm                Conj/Ice       97%        3d15      1%          3
 Mephitic Cloud           Conj/Alch/Air  97%        N/A       1%          3
 Teleport Other           Tloc           97%        N/A       1%          3
 Anguish                  Hex/Necr       48%        N/A       1%          4
 Animate Armour           Summ/Erth      100%       N/A       1%          4
 Animate Dead             Necr           97%        N/A       1%          4
 Cause Fear               Hex            48%        N/A       1%          4
 Dimensional Bullseye     Hex/Tloc       48%        N/A       1%          4
 Dispel Undead            Necr           97%        3d30      1%          4
 Passage of Golubria      Tloc           97%        N/A       1%          4
 Petrify                  Alch/Erth      97%        N/A       1%          4
 Sticky Flame             Fire/Alch      97%        2d14      1%          4
 Curse of Agony           Necr           97%        N/A       1%          5
 Freezing Cloud           Conj/Ice/Air   48%        6-21      1%          5
 Irradiate                Conj/Alch      48%        3d27      1%          5
 Lee's Rapid Deconstruct  Erth           48%        3d23*     1%          5
 Metabolic Englaciation   Hex/Ice        48%        N/A       1%          5
 Silence                  Hex/Air        48%        N/A       1%          5
 Death Channel            Necr           48%        N/A       2%          6
 Plasma Beam              Fire/Air       48%        2x1d63    2%          6
 Enfeeble                 Hex            48%        N/A       12%         7
 Haunt                    Necr/Summ      48%        N/A       12%         7
 Malign Gateway           Summ/Tloc      48%        N/A       12%         7
 Borgnjor's Revivificati  Necr           48%        N/A       67%         8
 Ignition                 Fire           48%        3d14      67%         8
 Lehudib's Crystal Spear  Conj/Erth      48%        10d12     67%         8
 Summon Horrible Things   Summ           48%        N/A       67%         8
 Death's Door             Necr           48%        N/A       100%        9
 Fire Storm               Conj/Fire      48%        8d12      100%        9


Dungeon Overview and Level Annotations

Branches:
Dungeon (15/15)            Temple (1/1) D:6            Lair (5/5) D:11
 Shoals (4/4) Lair:2        Snake (4/4) Lair:3        Slime (0/5) Lair:4
    Orc (2/2) D:10            Elf (3/3) Orc:2        Vaults (4/5) D:14
  Crypt (0/3) Vaults:2     Depths (0/4) D:15        Ossuary (visited)
  IceCv (visited)

Altars:
Ashenzari
Cheibriados
Dithmenos
Elyvilon
Fedhas
Gozag
Hepliaklqana
Kikubaaqudgha
Makhleb
Nemelex Xobeh
Okawaru
Qazlal
Ru
Sif Muna
Trog
Uskayaw
Vehumet
Wu Jian
Xom
Yredelemnul
Zin
The Shining One
Lugonu

Shops:
D:1 ?   D:7 [!   D:9 ?([   Orc:2 ?(:[?   Elf:3 [   Shoals:1 [**   Snake:2 ==
Vaults:3 *(!**

Portals:
Abyss: Shoals:1
Trove: Vaults:1 (give 7 scrolls of fear)

Annotations:
D:4 1 runed translucent door, Crazy Yiuf
D:9 3 runed translucent doors, uzume's ghost, amateur FoAl
D:12 1 runed translucent door, exclusion: orange crystal statue
D:13 4 transporters
Lair:4 1 runed translucent door, Sugi's ghost, journeyman MiFi
Shoals:1 1 runed translucent door
Snake:2 3 transporters, Uramy's ghost, journeyman GrFi
Snake:3 2 transporters, Wastoufi's ghost, adept GrFi
Snake:4 3 runed translucent doors, Juni's ghost, adept MiGl
Elf:2 3 runed translucent doors
Vaults:2 3 runed translucent doors
Vaults:4 Xtahua
Vaults:5 !NON


Innate Abilities, Weirdness & Mutations

You have very sharp teeth.
Your uncanny sense of smell can sniff out nearby items.
Your experience applies equally to all skills.


Message History

You hit Xtahua but do no damage. You bite Xtahua, but do no damage.
Xtahua is severely wounded.
Unknown command.
You puncture Xtahua!
Xtahua is severely wounded.
You block Xtahua's attack. Xtahua misses you. Xtahua tramples you.
You stumble backwards!
Your cactus giant hits the deep troll earth mage with a +0 giant spiked club!
Unknown command.
Unknown command.
That door is sealed shut!
Unknown command.
The ironbound preserver casts a spell.
The ironbound preserver begins to accept its allies' injuries.
The deep troll earth mage is struck by your cactus giant's spines.
The deep troll earth mage bites your cactus giant.
The deep troll earth mage claws your cactus giant!!
The deep troll earth mage claws your cactus giant!
Xtahua bites you!!
* * * LOW HITPOINT WARNING * * *
Xtahua closely misses you. Xtahua misses you.
The deep troll earth mage is struck by your cactus giant's spines.
The deep troll earth mage bites your cactus giant!
Your cactus giant is destroyed!
Your cactus giant disappears in a puff of smoke!
Unknown command.
Unknown command.
Unknown command.
You puncture Xtahua!
Xtahua is severely wounded.
Xtahua breathes fire at you. The searing blast hits you!!!
* * * LOW HITPOINT WARNING * * *
A vault warden comes into view. It is wielding a +3 war axe.
Unknown command.
Unknown command.
You are engulfed in blazing flames.
Xtahua completely misses you.
You block Xtahua's attack. x2; You block the vault warden's attack.
The deep troll earth mage bites you!
* * * LOW HITPOINT WARNING * * *
The deep troll earth mage misses you.
The deep troll earth mage completely misses you.
Xtahua bites you!
* * * LOW HITPOINT WARNING * * *
Xtahua closely misses you. x2; The deep troll earth mage misses you.
The deep troll earth mage completely misses you.
The deep troll earth mage misses you.
The vault warden hits you from afar with a +0 glaive!
You die...
Cheibriados appreciates the motionlessness of death.

#...#......#
#...#......#
#...'......#
#...♣......#
#...#......# # .
#...#'######### .#..
#...#...###...# ..+..
#...#...'.#§DT#...#
#...#..'###+@.pp.p#
#...####..§#+##......
#...#♣.'...#.♣ ∆.....
#...♣##♣)..♣♣♣# ....
#...#..[##♣'..# ...
#####...#♣.)'.#...#
..
....'...#...♣♣#...# .
....'...####♣ #####
>...'........


You could see Xtahua (sheltered, catching breath), an ironbound preserver, 2
vault wardens and a deep troll earth mage (sheltered).

Vanquished Creatures
  Norris (Elf:3)
  A deep elf blademaster (Elf:3)
  A sphinx (Vaults:3)
  2 deep elf master archers (Elf:3)
  A kraken (Shoals:3)
  An ancient champion (Vaults:2)
  A storm dragon (Shoals:4)
  A revenant (Vaults:2)
  5 nagarajas (Snake:4)
  8 vault wardens
  A frost giant (D:15)
  2 deep elf sorcerers (Elf:3)
  6 deep elf elementalists (Elf:3)
  4 ironbound preservers
  2 orc warlords
  2 formless jellyfish
  3 deep elf demonologists (Elf:3)
  8 deep elf annihilators (Elf:3)
  8 deep elf death magi
  3 ironbound thunderhulks
  2 war gargoyles (Vaults:3)
  A crystal guardian (D:15)
  An eidolon (Vaults:2)
  4 merfolk javelineers (Shoals:4)
  8 merfolk impalers
  5 deep elf high priests (Elf:3)
  3 yaktaur captains
  4 great orbs of eyes
  An entropy weaver (Vaults:3)
  3 vault guards
  5 hydras
  A rakshasa (D:15)
  A catoblepas (D:15)
  An ice dragon (Lair:5)
  4 ogre magi
  6 ironbound frosthearts
  4 alligator snapping turtles
  6 merfolk aquamancers
  Erica (Lair:1)
  11 anacondas
  6 boulder beetles
  2 merfolk avatars
  11 two-headed ogres
  6 naga warriors
  7 centaur warriors
  3 satyrs
  A tengu warrior (D:13)
  12 dancing weapons
  5 death yaks (Lair:1)
  An occultist (D:15)
  3 orc high priests
  8 naga sharpshooters
  3 shock serpents (Snake:4)
  10 deep elf knights
  8 deep trolls
  8 skysharks
  5 skeletal warriors (D:12)
  A goliath frog (Lair:5)
  8 sea snakes
  2 salamander mystics (Snake:3)
  14 deep elf zephyrmancers
  5 arcanists
  9 ironbound convokers
  8 mana vipers
  A lindwurm (D:15)
  7 deep elf archers
  22 deep elf pyromancers
  15 harpies
  4 naga ritualists
  11 manticores
  12 fauns
  6 orc knights
  5 ugly things
  An oklob plant (Lair:3)
  4 cyclopes
  A necromancer (IceCv)
  A moth of wrath (shapeshifter) (D:15)
  12 salamanders
  6 vault sentinels
  A rust devil (D:15)
  An ice statue (IceCv)
  7 merfolk sirens
  9 naga magi
  6 elephants
  6 guardian serpents (Snake:4)
  A meliai (shapeshifter) (D:13)
  20 black mambas
  6 kobold blastminers (Orc:1)
  2 apocalypse crabs (Shoals:1)
  12 water nymphs
  A gargoyle (D:10)
  A torpor snail (Lair:5)
  24 cane toads
  11 komodo dragons
  7 yaktaurs
  3 unseen horrors
  3 freezing wraiths
  Jeremiah (D:7)
  12 ice devils (IceCv)
  5 rime drakes
  A tengu conjurer (D:15)
  A troll (shapeshifter) (D:11)
  2 wolf spider simulacra (D:15)
  4 trolls
  27 merfolk
  6 wind drakes
  A tyrant leech (Lair:5)
  A polar bear (Lair:4)
  4 hornets
  Prince Ribbit (D:7)
  24 blink frogs
  A raiju (D:15)
  11 snapping turtles
  2 dream sheep (Shoals:3)
  A vampire (D:13)
  13 slime creatures
  44 yaks
  23 water elementals
  4 dire elephant simulacra (IceCv)
  2 wraiths
  14 air elementals
  6 basilisks
  4 wyverns
  A steam dragon (D:6)
  3 fire elementals
  3 redbacks (Vaults:2)
  4 vampire mosquitoes (Lair:5)
  9 wargs
  3 death yak simulacra (IceCv)
  3 harpy simulacra (IceCv)
  19 nagas
  10 water moccasins
  A hydra simulacrum (IceCv)
  15 orc warriors
  4 black bears
  2 ice beasts (D:6)
  A meliai simulacrum (D:15)
  A sky beast (D:6)
  22 wolves
  15 ogres
  12 centaurs
  Blork the orc (D:6)
  4 kobold brigands
  14 bullfrogs
  4 gnoll sergeants
  4 earth elementals
  6 cane toad simulacra (IceCv)
  3 scorpions
  11 killer bees
  3 elephant simulacra (IceCv)
  9 howler monkeys
  4 electric eels
  4 bullfrog zombies (Ossuary)
  4 hounds
  2 jellies
  A bombardier beetle (D:4)
  21 orc priests
  2 gnoll boudas
  2 sleepcaps
  4 iguanas
  13 orc wizards
  2 polar bear simulacra (IceCv)
  A killer bee zombie (Ossuary)
  3 crocodile zombies (Ossuary)
  2 hound zombies (Ossuary)
  4 mummies (Ossuary)
  5 howler monkey zombies (Ossuary)
  32 gnolls
  7 adders
  5 white imps
  2 ufetubi (D:6)
  5 dart slugs
  A ribbon worm (D:2)
  71 orcs
  8 endoplasms
  4 giant cockroaches
  9 goblins
  7 hobgoblins
  7 jackals
  4 quokkas
  10 ball pythons
  7 ball python zombies (Ossuary)
  2 bats
  3 frilled lizards
  26 kobolds
  6 rats
  2 tentacles (Shoals:3)
1202 creatures vanquished.

Vanquished Creatures (collateral kills)
  Nikola (Vaults:1)
  Asterion (Vaults:3)
  Donald (Shoals:3)
  A deep elf sorcerer (Vaults:1)
  A deep elf elementalist (Elf:3)
  A vault warden (Vaults:2)
  2 ironbound preservers
  A stone giant (Vaults:1)
  A deep elf annihilator (Elf:3)
  Azrael (D:15)
  4 dire elephants (Vaults:1)
  2 merfolk impalers (Shoals:4)
  A deep elf high priest (Elf:1)
  An entropy weaver (Vaults:2)
  2 yaktaur captains (Vaults:1)
  A great orb of eyes (Vaults:1)
  A boulder beetle (D:15)
  A vault guard (Vaults:4)
  An ogre mage (D:14)
  3 two-headed ogres (D:14)
  2 centaur warriors (Vaults:1)
  A tengu warrior (D:13)
  A naga warrior (Snake:4)
  A merfolk aquamancer (Shoals:4)
  A dancing weapon (Elf:2)
  A skyshark (Lair:2)
  2 iron trolls (Vaults:4)
  A skeletal warrior (D:14)
  3 arcanists
  A mana viper (Snake:1)
  A sea snake (Shoals:4)
  11 deep trolls
  2 deep elf archers
  3 ironbound convokers
  A naga ritualist (Snake:2)
  3 lindwurms
  2 orc knights
  8 deep elf zephyrmancers
  An orc sorcerer (Elf:1)
  6 deep elf pyromancers
  A harpy (Shoals:4)
  3 manticores
  4 ugly things
  2 salamanders
  A guardian serpent (Snake:4)
  5 vault sentinels
  3 black mambas
  2 naga magi (Snake:2)
  A rust devil (D:15)
  A gargoyle (D:15)
  A cane toad (shapeshifter) (D:15)
  2 cane toads
  A rime drake (Lair:3)
  4 centaur skeletons (D:14)
  11 yaktaurs
  An ice devil (IceCv)
  A polar bear (Lair:3)
  A wind drake (Shoals:4)
  2 blink frogs (Lair:5)
  A snapping turtle (Shoals:4)
  7 merfolk
  6 slime creatures
  2 water elementals
  2 air elementals (Shoals:4)
  5 fire elementals (D:15)
  6 yaks
  A vampire mosquito (Lair:5)
  A death yak simulacrum (IceCv)
  3 nagas
  2 water moccasins
  2 hell hounds (D:15)
  2 orc warriors (D:14)
  2 meliai simulacra (D:15)
  An ogre (D:14)
  4 wolves
  3 bullfrogs (Lair:5)
  A cane toad simulacrum (IceCv)
  2 two-headed ogre simulacra (IceCv)
  2 elephant simulacra (IceCv)
  An orc priest (Orc:2)
  An orc wizard (D:14)
  2 polar bear simulacra (IceCv)
  A spriggan simulacrum (IceCv)
  2 troll simulacra (IceCv)
  A naga simulacrum (IceCv)
  A white imp (Lair:5)
  An orc (Orc:2)
192 creatures vanquished.

Vanquished Creatures (others)
  A deep elf sorcerer (Elf:3)
  A sixfirhy (D:15)
  An orc wizard (Orc:1)
  A gnoll (D:10)
  2 orcs
  A kobold (D:10)
  28 blazeheart cores
  13 snaplasher vines
  2 tentacles (Shoals:3)
50 creatures vanquished.

Grand Total: 1444 creatures vanquished

Notes
Turn   | Place    | Note
-------+----------+-------------------------------------------
     0 | D:1      | Sobieck the Gnoll Monk began the quest for the Orb.
     0 | D:1      | Reached XP level 1. HP: 23/23 MP: 1/1
   115 | D:1      | Reached XP level 2. HP: 27/29 MP: 2/2
   390 | D:1      | Reached XP level 3. HP: 35/35 MP: 3/3
   509 | D:1      | Found The Oracle's Delphic Readings.
   695 | D:2      | Reached skill level 1 in Invocations
   832 | D:2      | Found a shimmering blue altar of Sif Muna.
   922 | D:2      | Reached skill level 1 in Long Blades
   922 | D:2      | Reached skill level 1 in Axes
   922 | D:2      | Reached skill level 1 in Maces & Flails
   922 | D:2      | Reached skill level 1 in Polearms
   922 | D:2      | Reached skill level 1 in Staves
   922 | D:2      | Reached skill level 1 in Ranged Weapons
   922 | D:2      | Reached skill level 1 in Throwing
   922 | D:2      | Reached skill level 1 in Armour
   922 | D:2      | Reached skill level 1 in Stealth
   922 | D:2      | Reached skill level 1 in Shields
   922 | D:2      | Reached skill level 1 in Unarmed Combat
   922 | D:2      | Reached skill level 1 in Spellcasting
   922 | D:2      | Reached skill level 1 in Evocations
  1130 | D:2      | Reached skill level 1 in Shapeshifting
  1130 | D:2      | Reached XP level 4. HP: 41/41 MP: 5/5
  1852 | D:3      | Reached skill level 1 in Conjurations
  1852 | D:3      | Reached skill level 1 in Hexes
  1852 | D:3      | Reached skill level 1 in Summonings
  1852 | D:3      | Reached skill level 1 in Necromancy
  1852 | D:3      | Reached skill level 1 in Translocations
  1852 | D:3      | Reached skill level 1 in Fire Magic
  1852 | D:3      | Reached skill level 1 in Ice Magic
  1852 | D:3      | Reached skill level 1 in Air Magic
  1852 | D:3      | Reached skill level 1 in Earth Magic
  1852 | D:3      | Reached skill level 1 in Alchemy
  2052 | D:3      | Found a faded altar of an unknown god.
  2138 | D:4      | Reached XP level 5. HP: 47/47 MP: 5/7
  2163 | D:4      | Noticed an ogre
  2170 | D:4      | Killed an ogre
  2355 | D:4      | Reached XP level 6. HP: 17/53 MP: 8/8
  3046 | D:4      | Found a runed translucent door.
  3047 | D:4      | Noticed Crazy Yiuf
  3914 | D:4      | Reached XP level 7. HP: 48/60 MP: 10/10
  4245 | D:5      | Entered Level 5 of the Dungeon
  4362 | D:5      | Found a sand-covered staircase.
  4409 | Ossuary  | Entered an ossuary
  4498 | Ossuary  | Reached skill level 3 in Invocations
  5045 | Ossuary  | Reached skill level 3 in Long Blades
  5045 | Ossuary  | Reached skill level 3 in Axes
  5045 | Ossuary  | Reached skill level 3 in Maces & Flails
  5045 | Ossuary  | Reached skill level 3 in Polearms
  5045 | Ossuary  | Reached skill level 3 in Staves
  5045 | Ossuary  | Reached skill level 3 in Ranged Weapons
  5045 | Ossuary  | Reached skill level 3 in Throwing
  5045 | Ossuary  | Reached skill level 3 in Armour
  5045 | Ossuary  | Reached skill level 3 in Stealth
  5045 | Ossuary  | Reached skill level 3 in Shields
  5045 | Ossuary  | Reached skill level 3 in Unarmed Combat
  5045 | Ossuary  | Reached skill level 3 in Spellcasting
  5045 | Ossuary  | Reached skill level 3 in Evocations
  5045 | Ossuary  | Reached XP level 8. HP: 55/67 MP: 12/12
  5169 | Ossuary  | Identified 3 scrolls of acquirement
  5169 | Ossuary  | Acquired the +6 chain mail "Bifat" {rC+ Str+3 Int+2}
  5188 | Ossuary  | Acquired the amulet of Ruilipt {Spirit rC+}
  5196 | Ossuary  | Acquired the +0 pair of gloves of Feral Fun {rElec rPois}
  5747 | D:5      | Reached skill level 3 in Shapeshifting
  6112 | D:5      | Reached skill level 3 in Conjurations
  6112 | D:5      | Reached skill level 3 in Hexes
  6112 | D:5      | Reached skill level 3 in Summonings
  6112 | D:5      | Reached skill level 3 in Necromancy
  6112 | D:5      | Reached skill level 3 in Translocations
  6112 | D:5      | Reached skill level 3 in Fire Magic
  6112 | D:5      | Reached skill level 3 in Ice Magic
  6112 | D:5      | Reached skill level 3 in Air Magic
  6112 | D:5      | Reached skill level 3 in Earth Magic
  6112 | D:5      | Reached skill level 3 in Alchemy
  6203 | D:5      | Found a sacrificial altar of Ru.
  6746 | D:6      | Found a stormy altar of Qazlal.
  6764 | D:6      | Reached XP level 9. HP: 66/73 MP: 12/14
  6937 | D:6      | Found a hide-covered altar of Uskayaw.
  6950 | D:6      | Noticed Blork the orc
  6981 | D:6      | Killed Blork the orc
  7058 | D:6      | Found a white marble altar of Elyvilon.
  7137 | D:6      | Found a staircase to the Ecumenical Temple.
  7148 | Temple   | Entered the Ecumenical Temple
  7174 | Temple   | Became a worshipper of Cheibriados the Contemplative
  7174 | Temple   | Reached * piety under Cheibriados
  7174 | Temple   | Reached ** piety under Cheibriados
  7400 | D:7      | Noticed Prince Ribbit
  7418 | D:7      | Killed Prince Ribbit
  7423 | D:7      | Noticed Jeremiah
  7434 | D:7      | Found Afouridgh's Distillery.
  7498 | D:7      | Killed Jeremiah
  7940 | D:7      | Found a radiant altar of Vehumet.
  8162 | D:7      | Found a basalt altar of Yredelemnul.
  8219 | D:7      | Found Jeryfu's Armour Shoppe.
  8241 | D:7      | Reached XP level 10. HP: 55/81 MP: 12/17
  8320 | D:7      | Bought a +1 helmet of see invisible for 181 gold pieces
  8545 | D:8      | Reached *** piety under Cheibriados
  8618 | D:8      | Found a sparkling altar of Nemelex Xobeh.
  9309 | D:9      | Found Ovvonik's Antique Armour Emporium.
  9327 | D:9      | Paralysed by a hornet for 2 turns
  9331 | D:9      | Bought a steaming kite shield for 275 gold pieces
  9331 | D:9      | Identified the +1 kite shield of a ziggurat {Dex+5} (You
                  | bought it in a shop on level 9 of the Dungeon)
  9397 | D:9      | Reached skill level 6 in Invocations
  9509 | D:9      | Found Japliost's Magic Scroll Shoppe.
  9519 | D:9      | Bought a scroll of immolation for 48 gold pieces
  9628 | D:9      | Reached **** piety under Cheibriados
  9653 | D:9      | Found a runed translucent gate.
  9653 | D:9      | Noticed uzume's ghost (amateur FoAl)
  9655 | D:9      | Noticed a four-headed hydra
  9657 | D:9      | Found a runed translucent gate.
  9658 | D:9      | Found a runed translucent gate.
  9883 | D:9      | Found Piusk's Antique Weapon Emporium.
 10073 | D:10     | Entered Level 10 of the Dungeon
 10563 | D:10     | Found a glowing silver altar of Zin.
 10700 | D:10     | Noticed a gargoyle
 10703 | D:10     | Killed a gargoyle
 10704 | D:10     | Reached skill level 9 in Fighting
 10704 | D:10     | Reached skill level 9 in Short Blades
 10704 | D:10     | Reached skill level 6 in Long Blades
 10704 | D:10     | Reached skill level 6 in Axes
 10704 | D:10     | Reached skill level 6 in Maces & Flails
 10704 | D:10     | Reached skill level 6 in Polearms
 10704 | D:10     | Reached skill level 6 in Staves
 10704 | D:10     | Reached skill level 6 in Ranged Weapons
 10704 | D:10     | Reached skill level 6 in Throwing
 10704 | D:10     | Reached skill level 6 in Armour
 10704 | D:10     | Reached skill level 9 in Dodging
 10704 | D:10     | Reached skill level 6 in Stealth
 10704 | D:10     | Reached skill level 6 in Shields
 10704 | D:10     | Reached skill level 6 in Unarmed Combat
 10704 | D:10     | Reached skill level 6 in Spellcasting
 10704 | D:10     | Reached skill level 6 in Evocations
 10704 | D:10     | Reached XP level 11. HP: 89/89 MP: 18/20
 11299 | D:10     | Reached ***** piety under Cheibriados
 11458 | D:10     | Found a staircase to the Orcish Mines.
 11522 | D:11     | Found a staircase to the Lair.
 12120 | D:11     | Reached skill level 6 in Shapeshifting
 12206 | D:11     | Noticed a cyclops
 12212 | D:11     | Killed a cyclops
 12402 | D:12     | Found a runed translucent door.
 12406 | D:12     | Noticed an orange crystal statue
 12407 | D:12     | Noticed a brown ugly thing
 12407 | D:12     | Noticed a manticore
 12417 | D:12     | Killed a brown ugly thing
 12420 | D:12     | Killed a manticore
 12494 | D:12     | Noticed a cyclops
 12504 | D:12     | Killed a cyclops
 12512 | D:12     | Noticed a manticore
 12526 | D:12     | Killed a manticore
 12552 | D:12     | Noticed a two-headed ogre
 12554 | D:12     | Noticed a two-headed ogre
 12575 | D:12     | Killed a two-headed ogre
 12581 | D:12     | Killed a two-headed ogre
 12846 | D:12     | Reached XP level 12. HP: 97/97 MP: 22/22
 12857 | D:12     | Noticed a two-headed ogre
 12869 | D:12     | Reached skill level 6 in Conjurations
 12869 | D:12     | Reached skill level 6 in Hexes
 12869 | D:12     | Reached skill level 6 in Summonings
 12869 | D:12     | Reached skill level 6 in Necromancy
 12869 | D:12     | Reached skill level 6 in Translocations
 12869 | D:12     | Reached skill level 6 in Fire Magic
 12869 | D:12     | Reached skill level 6 in Ice Magic
 12869 | D:12     | Reached skill level 6 in Air Magic
 12869 | D:12     | Reached skill level 6 in Earth Magic
 12869 | D:12     | Reached skill level 6 in Alchemy
 12870 | D:12     | Killed a two-headed ogre
 13158 | D:12     | Learned a level 3 spell: Frozen Ramparts
 13355 | Lair:1   | Entered Level 1 of the Lair of Beasts
 13576 | Lair:1   | Noticed a death yak
 13577 | Lair:1   | Noticed a death yak
 13577 | Lair:1   | Noticed a death yak
 13578 | Lair:1   | Noticed a death yak
 13584 | Lair:1   | Noticed a death yak
 13601 | Lair:1   | Killed a death yak
 13612 | Lair:1   | Killed a death yak
 13617 | Lair:1   | Killed a death yak
 13625 | Lair:1   | Killed a death yak
 13637 | Lair:1   | Killed a death yak
 13638 | Lair:1   | Reached XP level 13. HP: 46/104 MP: 9/25
 13835 | Lair:1   | Noticed Erica
 13846 | Lair:1   | Killed Erica
 13847 | Lair:1   | Reached skill level 9 in Invocations
 14558 | Lair:2   | Learned a level 4 spell: Summon Lightning Spire
 14577 | Lair:2   | Learned a level 2 spell: Lesser Beckoning
 14768 | Lair:2   | Identified the +1 chain mail "Beliqes" {-Cast rPois rN++
                  | Regen+}
 14843 | Lair:2   | Found a staircase to the Shoals.
 15096 | Lair:2   | Learned a level 4 spell: Summon Blazeheart Golem
 15538 | Lair:3   | Reached ****** piety under Cheibriados
 15981 | Lair:3   | Found a staircase to the Snake Pit.
 16046 | Lair:3   | Reached skill level 9 in Long Blades
 16046 | Lair:3   | Reached skill level 9 in Axes
 16046 | Lair:3   | Reached skill level 9 in Maces & Flails
 16046 | Lair:3   | Reached skill level 9 in Polearms
 16046 | Lair:3   | Reached skill level 9 in Staves
 16046 | Lair:3   | Reached skill level 9 in Ranged Weapons
 16046 | Lair:3   | Reached skill level 9 in Throwing
 16046 | Lair:3   | Reached skill level 9 in Armour
 16046 | Lair:3   | Reached skill level 9 in Stealth
 16046 | Lair:3   | Reached skill level 9 in Shields
 16046 | Lair:3   | Reached skill level 9 in Unarmed Combat
 16046 | Lair:3   | Reached skill level 9 in Spellcasting
 16046 | Lair:3   | Reached skill level 9 in Evocations
 16053 | Lair:3   | Identified the +0 chain mail of Boam Pig {rF+ rC+ Regen+
                  | Int-3}
 16071 | Lair:3   | Found a blossoming altar of Fedhas.
 16497 | Lair:4   | Reached XP level 14. HP: 113/113 MP: 27/27
 16498 | Lair:4   | Found a frozen archway.
 16508 | IceCv    | Entered an ice cave
 16885 | IceCv    | Found an ancient bone altar of Kikubaaqudgha.
 17545 | Lair:4   | Found a runed translucent door.
 17545 | Lair:4   | Found a shimmering altar of Xom.
 17545 | Lair:4   | Noticed Sugi's ghost (journeyman MiFi)
 17996 | Lair:4   | Found a staircase to the Slime Pits.
 18308 | Lair:5   | Entered Level 5 of the Lair of Beasts
 18343 | Lair:5   | Reached skill level 9 in Shapeshifting
 18860 | Lair:5   | Acquired 984 gold pieces
 19103 | Lair:5   | Reached XP level 15. HP: 120/120 MP: 23/29
 19243 | Lair:5   | Reached skill level 12 in Fighting
 19243 | Lair:5   | Reached skill level 12 in Short Blades
 19243 | Lair:5   | Reached skill level 12 in Dodging
 19263 | Lair:5   | Identified the +6 glaive of Past Mistakes {speed, Fly rF+}
 19268 | Lair:5   | Identified the +0 broad axe of the Toothy God {protect,
                  | rF++ Str+2 Dex-4}
 19882 | Orc:1    | Entered Level 1 of the Orcish Mines
 19895 | Orc:2    | Entered Level 2 of the Orcish Mines
 19957 | Orc:2    | Found Tougham's Weapon Shop.
 20949 | Orc:2    | Paralysed by an ogre mage for 5 turns
 21016 | Orc:2    | Learned a level 5 spell: Yara's Violent Unravelling
 21022 | Orc:2    | Learned a level 5 spell: Borgnjor's Vile Clutch
 21361 | Orc:2    | Paralysed by an ogre mage for 3 turns
 21376 | Orc:2    | Paralysed by an ogre mage for 5 turns
 21478 | Orc:2    | Found Duhairer's Magic Scroll Boutique.
 21501 | Orc:2    | Found Abysar's Jewellery Emporium.
 21559 | Orc:2    | Found Hydol's Book Shoppe.
 21598 | Orc:2    | Found Cuockeh's Antique Armour Emporium.
 21639 | Orc:2    | Found Rom Loge's Magic Scroll Emporium.
 21719 | Orc:2    | Found a staircase to the Elven Halls.
 21722 | Orc:2    | Found a radiant altar of Vehumet.
 22016 | Snake:1  | Entered Level 1 of the Snake Pit
 22120 | Snake:1  | Reached skill level 9 in Conjurations
 22120 | Snake:1  | Reached skill level 9 in Hexes
 22120 | Snake:1  | Reached skill level 9 in Summonings
 22120 | Snake:1  | Reached skill level 9 in Necromancy
 22120 | Snake:1  | Reached skill level 9 in Translocations
 22120 | Snake:1  | Reached skill level 9 in Fire Magic
 22120 | Snake:1  | Reached skill level 9 in Ice Magic
 22120 | Snake:1  | Reached skill level 9 in Air Magic
 22120 | Snake:1  | Reached skill level 9 in Earth Magic
 22120 | Snake:1  | Reached skill level 9 in Alchemy
 23494 | Snake:2  | Found a transporter.
 23495 | Snake:2  | Noticed a nagaraja
 23522 | Snake:2  | Reached XP level 16. HP: 121/129 MP: 23/30
 23808 | Snake:2  | Noticed a nagaraja
 23809 | Snake:2  | Noticed a nagaraja
 23953 | Snake:2  | Found a transporter.
 23965 | Snake:2  | Noticed Uramy's ghost (journeyman GrFi)
 23973 | Snake:2  | Noticed a nagaraja
 23988 | Snake:2  | Found a bloodstained altar of Trog.
 23995 | Snake:2  | Found a transporter.
 24158 | Snake:2  | Found Daijasto's Book Boutique.
 24158 | Snake:2  | Found Jiosuob's Jewellery Emporium.
 24160 | Snake:2  | Found Nikoph's Jewellery Emporium.
 24174 | Snake:2  | Bought the ring "Misog" {rN+++ Str+4 Int+6 Dex+2 Stlth-}
                  | for 1203 gold pieces
 24174 | Snake:2  | Bought the ring "Futhovua" {Will++ MP+9 EV+5 Str+2} for
                  | 1281 gold pieces
 24238 | Snake:2  | Reached skill level 12 in Invocations
 24351 | Snake:2  | Found a radiant altar of Vehumet.
 25026 | Snake:3  | Noticed Wastoufi's ghost (adept GrFi)
 25036 | Snake:3  | Found a transporter.
 25078 | Snake:3  | Found a transporter.
 25559 | Snake:4  | Entered Level 4 of the Snake Pit
 26584 | Snake:4  | Found a runed translucent gate.
 26585 | Snake:4  | Found a runed translucent gate.
 26586 | Snake:4  | Found a runed translucent gate.
 26587 | Snake:4  | Noticed Juni's ghost (adept MiGl)
 26653 | Snake:4  | Identified the +0 leather armour of Oroas {rN++}
 26776 | Snake:4  | Noticed a nagaraja
 26790 | Snake:4  | Killed a nagaraja
 26999 | Snake:4  | Noticed a nagaraja
 27009 | Snake:4  | Killed a nagaraja
 27067 | Snake:4  | Noticed a nagaraja
 27073 | Snake:4  | Killed a nagaraja
 27181 | Snake:4  | Noticed a nagaraja
 27190 | Snake:4  | Killed a nagaraja
 27546 | Snake:4  | Noticed a nagaraja
 27552 | Snake:4  | Killed a nagaraja
 27553 | Snake:4  | Reached XP level 17. HP: 137/137 MP: 32/32
 27564 | Snake:4  | Got a serpentine rune of Zot
 28078 | Elf:1    | Entered Level 1 of the Elven Halls
 28177 | Elf:1    | Found a radiant altar of Vehumet.
 28910 | Elf:1    | Reached skill level 12 in Long Blades
 28910 | Elf:1    | Reached skill level 12 in Axes
 28910 | Elf:1    | Reached skill level 12 in Maces & Flails
 28910 | Elf:1    | Reached skill level 12 in Polearms
 28910 | Elf:1    | Reached skill level 12 in Staves
 28910 | Elf:1    | Reached skill level 12 in Ranged Weapons
 28910 | Elf:1    | Reached skill level 12 in Throwing
 28910 | Elf:1    | Reached skill level 12 in Armour
 28910 | Elf:1    | Reached skill level 12 in Stealth
 28910 | Elf:1    | Reached skill level 12 in Shields
 28910 | Elf:1    | Reached skill level 12 in Unarmed Combat
 28910 | Elf:1    | Reached skill level 12 in Spellcasting
 28910 | Elf:1    | Reached skill level 12 in Evocations
 29723 | Elf:2    | Found a runed translucent gate.
 29723 | Elf:2    | Found a runed translucent gate.
 29732 | Elf:2    | Found a runed translucent gate.
 30409 | Elf:3    | Entered Level 3 of the Elven Halls
 30536 | Elf:3    | Found Neydelob's Antique Armour Shoppe.
 30709 | Orc:2    | Bought an Everburning Encyclopedia for 494 gold pieces
 30714 | Orc:2    | Learned a level 4 spell: Ignite Poison
 30719 | Orc:2    | Learned a level 4 spell: Olgreb's Toxic Radiance
 31172 | Elf:3    | Noticed Norris
 31182 | Elf:3    | Killed Norris
 31601 | Elf:3    | Noticed an Ice Fiend
 31940 | Elf:3    | Reached XP level 18. HP: 94/145 MP: 12/34
 32142 | Elf:3    | Identified the +1 falchion "Ifiacura" {vamp, rC- MP+9
                  | Dex+3}
 32183 | Elf:3    | Identified the ring "Xaemuluu" {+Blink rC+}
 32343 | Elf:3    | Noticed a deep elf master archer
 32353 | Elf:3    | Killed a deep elf master archer
 32367 | Elf:3    | Identified the ring of Teusecheumn {Ice rElec}
 32433 | Elf:3    | Noticed a deep elf blademaster
 32448 | Elf:3    | Identified the +2 mace of the Summoning Gods {drain, rF++
                  | Int+3}
 32479 | Elf:3    | Identified the +10 flail of the Warrior {venom, rF+++ rN+
                  | Will- Str+3}
 32540 | Elf:3    | Killed a deep elf blademaster
 32586 | Elf:3    | Noticed a deep elf master archer
 32601 | Elf:3    | Killed a deep elf master archer
 32832 | Elf:3    | Identified the ring "Kettu" {Fire Str-5 Dex+3}
 33055 | Elf:3    | Got the Secrets of the Generative Serac
 33078 | Elf:3    | Got the Folio of Curses
 33495 | Shoals:1 | Entered Level 1 of the Shoals
 33664 | Shoals:1 | Found a runed translucent door.
 33674 | Shoals:1 | Found a corrupted altar of Lugonu.
 33674 | Shoals:1 | Found a one-way gate to the infinite horrors of the Abyss.
 33698 | Shoals:1 | Found Esmup's Armour Shoppe.
 33813 | Shoals:1 | Found Sitwuass's Specific Store.
 33813 | Shoals:1 | Found Diojiz's General Store.
 33941 | Shoals:1 | You fall into a shaft and drop 1 floor!
 34068 | Shoals:2 | Identified the +0 robe of Tudusasm {Harm +Blink Dex-3
                  | Stlth+}
 34203 | Shoals:2 | Found a burning altar of Makhleb.
 34229 | Shoals:2 | Reached skill level 12 in Shapeshifting
 35529 | Shoals:3 | Noticed Donald
 35799 | Shoals:3 | Killed Donald
 36156 | Shoals:3 | Reached XP level 19. HP: 153/153 MP: 36/36
 36323 | Shoals:4 | Entered Level 4 of the Shoals
 36323 | Shoals:4 | Found a radiant altar of Vehumet.
 36537 | Shoals:4 | Paralysed by an air elemental for 1 turns
 36623 | Shoals:4 | Upgraded the game from 0.32-a0-128-g77eb882913 to
                  | 0.32-a0-131-g9dbbe29261
 36645 | Shoals:4 | Paralysed by an air elemental for 1 turns
 36748 | Shoals:4 | Paralysed by an air elemental for 1 turns
 36753 | Shoals:4 | Paralysed by an air elemental for 1 turns
 36757 | Shoals:4 | Paralysed by an air elemental for 1 turns
 36991 | Shoals:4 | Identified the +5 war axe "Qiother" {venom, Dex+3}
 37202 | Shoals:4 | Got a barnacled rune of Zot
 37578 | Shoals:4 | Reached skill level 15 in Fighting
 37578 | Shoals:4 | Reached skill level 15 in Short Blades
 37578 | Shoals:4 | Reached skill level 15 in Dodging
 37909 | Shoals:4 | Learned a level 5 spell: Summon Forest
 37915 | Shoals:4 | Learned a level 5 spell: Summon Mana Viper
 37922 | Shoals:4 | Learned a level 6 spell: Summon Cactus Giant
 38180 | D:13     | Found a transporter.
 38188 | D:13     | Found a transporter.
 38190 | D:13     | Found a transporter.
 38748 | D:13     | Found a transporter.
 39297 | D:14     | Identified the +0 ring mail of Alang {^Drain Str+7 SInv}
 39299 | D:14     | Found an opulent altar of Gozag.
 39833 | D:14     | Reached skill level 15 in Invocations
 39946 | D:14     | Found a gate to the Vaults.
 40150 | D:14     | You fall into a shaft and drop 1 floor!
 40150 | D:15     | Entered Level 15 of the Dungeon
 40163 | D:15     | Found a staircase to the Depths.
 40463 | D:15     | Reached XP level 20. HP: 162/162 MP: 37/37
 40564 | D:15     | Noticed Azrael
 40573 | D:15     | Killed Azrael
 40739 | D:15     | Paralysed by an air elemental for 1 turns
 40957 | D:15     | Paralysed by an air elemental for 1 turns
 41241 | D:15     | Got Ziebro Qaegg's Precepts of Phlogiston and Frostbite
 41414 | Vaults:1 | Entered Level 1 of the Vaults
 41579 | Vaults:1 | Reached skill level 12 in Conjurations
 41579 | Vaults:1 | Reached skill level 12 in Hexes
 41579 | Vaults:1 | Reached skill level 12 in Summonings
 41579 | Vaults:1 | Reached skill level 12 in Necromancy
 41579 | Vaults:1 | Reached skill level 12 in Translocations
 41579 | Vaults:1 | Reached skill level 12 in Fire Magic
 41579 | Vaults:1 | Reached skill level 12 in Ice Magic
 41579 | Vaults:1 | Reached skill level 12 in Air Magic
 41579 | Vaults:1 | Reached skill level 12 in Earth Magic
 41579 | Vaults:1 | Reached skill level 12 in Alchemy
 41664 | Vaults:1 | Noticed Nikola
 41677 | Vaults:1 | Killed Nikola
 41901 | Vaults:1 | Paralysed by a formless jellyfish for 1 turns
 42768 | Vaults:1 | Found a portal to a secret trove of treasure.
 43165 | Vaults:2 | Found a staircase to the Crypt.
 44113 | Vaults:2 | Found the +8 storm bow {elec, penet}
 44287 | Vaults:2 | Found a runed translucent gate.
 44287 | Vaults:2 | Found a runed translucent gate.
 44287 | Vaults:2 | Found a runed translucent gate.
 44473 | Vaults:3 | Found Lotecuux's Assorted Antiques.
 44729 | Vaults:3 | Found Widuex's Distillery.
 44756 | Vaults:3 | Found Totzys's Assorted Antiques.
 44795 | Vaults:3 | Found Emmim's General Store.
 44798 | Vaults:3 | Bought a scroll of blinking for 82 gold pieces
 44836 | Vaults:3 | Reached XP level 21. HP: 170/170 MP: 39/39
 44967 | Vaults:3 | Noticed Asterion
 44973 | Vaults:3 | Killed Asterion
 45178 | Vaults:3 | Found Wothok's Weapon Boutique.
 45633 | Vaults:3 | Bought a shimmering great sword for 437 gold pieces
 45633 | Vaults:3 | Identified the +2 great sword of Beot {vamp, SInv} (You
                  | bought it in a shop on level 3 of the Vaults)
 46774 | Vaults:4 | Noticed Xtahua
 46796 | Vaults:4 | HP: 6/171 [deep troll earth mage (10)]
 46796 | Vaults:4 | HP: 1/171 [Xtahua (5)]
 46796 | Vaults:4 | Demolished by a vault warden

Illustrated notes

Levels and vault maps discovered:
D:1:      dreamdust_arrival_beginning_and_end, layout_rooms,
          nicolae_nh_oracle_at_delphi
D:2:      layout_basic, basic_altar
D:3:      layout_basic, dreamdust_ecumenical_altar_grove
D:4:      layout_cave_pods, grunt_decor_arrowhead, minmay_misc_feat_plants,
          uniq_crazy_yiuf_cottage
D:5:      layout_cave_pools, lemuel_doored_altar, enter_ossuary_5
D:6:      layout_basic, mainiacjoe_overflow_alcove_1,
          mainiacjoe_overflow_alcove_2, lemuel_crystal_altar,
          minmay_temple_entry_antechambers, fountainhead, uniq_blork_the_orc
D:7:      layout_basic, mainiacjoe_overflow_24_doors, fiery_altar_vehumet,
          serial_shops, shop, nicolae_shop_behind_doors, uniq_jeremiah,
          uniq_prince_ribbit1
D:8:      layout_cave_pools, mainiacjoe_overflow_small_starburst,
          grunt_decor_clamped
D:9:      layout_irregular_city, gammafunk_ghost_split, serial_shops, shop,
          shop, nicolae_shop_tiny_glass
D:10:     layout_basic, mainiacjoe_overflow_catwalk, erik_orc_2,
          grunt_ministairs_11, dk_rats_in_the_wall
D:11:     layout_irregular_city, david_lair_generic
D:12:     layout_rooms, minmay_crystal_box
D:13:     layout_stronghold, gauntlet_entry_generic, nicolae_transporter_circle
D:14:     layout_loops_ring, hangedman_vaults_entry_quadrant_bands,
          serial_rivers, chequers_serial_rivers_micro_b,
          chequers_serial_rivers_micro_a, chequers_serial_rivers_small_b,
          chequers_serial_rivers_micro_b, chequers_serial_rivers_marsh,
          nicolae_gozag_seed_capital, chequers_serial_rivers_micro_b
D:15:     hangedman_crystal_crosses_colossus [crystal_crosses_arms_four,
          crystal_crosses_arms_two, crystal_crosses_arms_one], serial_shops,
          uniq_azrael
Temple:   minmay_temple_curvy_branch
Lair:1:   layout_regular_city, uniq_erica
Lair:2:   layout_cave_shapes, elwin_shoals_entry_stream,
          infiniplex_staircase_pool_2, grunt_megastairs_4, serial_bayou_shore_b
Lair:3:   layout_regular_city, dummy_snake_entry, serial_bayou_pond_b,
          tgw_fedhas
Lair:4:   layout_small_grid, dpeg_slime_entry_enclosed, ebering_ghost_xom,
          portal_ice_cave_rime, grunt_megastairs_5
Lair:5:   minmay_lair_end_frog_pond, layout_regular_city,
          bobbens_ice_dragon_lair, serial_bayou_shore_a, serial_bayou_shore_b
Shoals:1: layout_shoals, nicolae_shoals_stone_sculpture_thing,
          nicolae_take_the_stairs, nicolae_specific_store,
          nicolae_shoals_abyss_on_the_beach
Shoals:2: layout_shoals, lemuel_altar_in_water, nicolae_shoals_shepherds
Shoals:3: layout_shoals, ldierk_geyser, uniq_donald
Shoals:4: shoals_end_hellmonk_storm_palace [storm_palace_center_ruins,
          storm_palace_corner_altar, storm_palace_corner_narrow,
          storm_palace_corner_grid, storm_palace_corner_pillars]
Snake:1:  layout_chambers
Snake:2:  gammafunk_sealed_library, layout_gridlike,
          gammafunk_ghost_wrathful_warriors, minmay_shop_grove
Snake:3:  layout_basic, gammafunk_ghost_berserking_beasts
Snake:4:  grunt_snake_rune_pools, layout_cave_town, gammafunk_ghost_split
Orc:1:    layout_diamond_mine
Orc:2:    st_orc_town, layout_diamond_mine, basic_altar, serial_shops, shop,
          nicolae_shop_rolling_square, shop
Elf:1:    eino_elf_arrival_altar, layout_gridlike,
          kennysheep_underground_church, grunt_megastairs_3
Elf:2:    nicolae_elf_blades_splatter_lattice [nicolae_blade_little_rooms],
          layout_geoelf_grid, eino_tiny_chamber
Elf:3:    minmay_elf_hall_hex, layout_geoelf_diagonals, serial_shops, shop,
          uniq_norris
Vaults:1: hangedman_vaults_trim, nicolae_vaults_closet_pinwheel_4,
          nicolae_vaults_diamond_1, nicolae_vaults_surprise_closet,
          vaults_room_pools, hangedman_vaults_snaps, vaults_standard_mumra_x,
          nicolae_vaults_double_plus_1, nicolae_vaults_security_offices_1,
          nicolae_vaults_wine_cellar, vaults_dpeg_emergency_exit,
          layout_vaults_omnigrid, enter_trove_2, uniq_nikola
Vaults:2: ploomutoo_gammafunk_ghost_potion_laboratory, hangedman_vaults_corner,
          minmay_crypt_entry_simple_round, hangedman_vaults_impose, v_misc_3,
          v_pattern_2, ontoclasm_vaults_twist, nicolae_vaults_yaktaur_gun_rack,
          vaults_dpeg_hooks, nicolae_vaults_network_periphery,
          layout_vaults_omnicross
Vaults:3: nicolae_vaults_storage_closets_3, ontoclasm_vaults_shuriken,
          ontoclasm_vaults_fault, hangedman_vaults_locks,
          hangedman_vaults_stitches, nicolae_vaults_trapezoid_4, v_misc_31,
          nicolae_vaults_closet_pinwheel_1,
          nicolae_vaults_taking_the_gang_shopping, layout_vaults_maze_bifur,
          serial_shops, nicolae_shop_real_fake_doors, nicolae_lakefront_shop,
          nicolae_shop_hallway_plus, shop, uniq_asterion
Vaults:4: ebering_ghost_reflecting_pool, v_misc_27, vaults_room_octagon,
          nicolae_vaults_frosty_reception, nicolae_vaults_little_squares_2,
          minmay_orc_keep, nicolae_vaults_house_1, hangedman_vaults_capsules,
          vaults_dpeg_cross, layout_vaults_big_room, uniq_xtahua

Skill      XL: |  1  2  3  4  5  6  7  8  9 10 11 12 13 14 15 16 17 18 19 20 21 |
---------------+----------------------------------------------------------------+-----
Invocations    | 1 2 3 4 5 6 7 8 9 10 11 12 13 14 15 16 | 16.1
Long Blades    | 1 2 3 5 6 7 8 9 10 11 12 13 14 | 14.9
Axes           | 1 2 3 5 6 7 8 9 10 11 12 13 14 | 14.9
Maces & Flails | 1 2 3 5 6 7 8 9 10 11 12 13 14 | 14.9
Polearms       | 1 2 3 5 6 7 8 9 10 11 12 13 14 | 14.9
Staves         | 1 2 3 5 6 7 8 9 10 11 12 13 14 | 14.9
Ranged Weapons | 1 2 3 5 6 7 8 9 10 11 12 13 14 | 14.9
Throwing       | 1 2 3 5 6 7 8 9 10 11 12 13 14 | 14.9
Armour         | 1 2 3 5 6 7 8 9 10 11 12 13 14 | 14.9
Stealth        | 1 2 3 5 6 7 8 9 10 11 12 13 14 | 14.9
Shields        | 1 2 3 5 6 7 8 9 10 11 12 13 14 | 14.9
Unarmed Combat | 1 2 3 5 6 7 8 9 10 11 12 13 14 | 14.9
Spellcasting   | 1 2 3 5 6 7 8 9 10 11 12 13 14 | 14.9
Evocations     | 1 2 3 5 6 7 8 9 10 11 12 13 14 | 14.9
Shapeshifting  | 1 2 3 4 5 6 7 8 9 10 11 12 13 | 13.7
Conjurations   | 1 2 3 4 5 6 7 8 9 10 11 12 | 12.6
Hexes          | 1 2 3 4 5 6 7 8 9 10 11 12 | 12.6
Summonings     | 1 2 3 4 5 6 7 8 9 10 11 12 | 12.6
Necromancy     | 1 2 3 4 5 6 7 8 9 10 11 12 | 12.6
Translocations | 1 2 3 4 5 6 7 8 9 10 11 12 | 12.6
Fire Magic     | 1 2 3 4 5 6 7 8 9 10 11 12 | 12.6
Ice Magic      | 1 2 3 4 5 6 7 8 9 10 11 12 | 12.6
Air Magic      | 1 2 3 4 5 6 7 8 9 10 11 12 | 12.6
Earth Magic    | 1 2 3 4 5 6 7 8 9 10 11 12 | 12.6
Alchemy        | 1 2 3 4 5 6 7 8 9 10 11 12 | 12.6
Fighting       | 7 8 9 10 11 12 13 14 15 16 | 16.1
Short Blades   | 7 8 9 10 11 12 13 14 15 16 | 16.1
Dodging        | 7 8 9 10 11 12 13 14 15 16 | 16.1

Action                     |  1- 3 |  4- 6 |  7- 9 | 10-12 | 13-15 | 16-18 | 19-21 || total
---------------------------+-------+-------+-------+-------+-------+-------+-------++-------
  Melee: Short sword       |   117 |   325 |   390 |       |       |       |       ||   832
         Bite              |    13 |    66 |   176 |   160 |   121 |   105 |   132 ||   773
         Dagger            |       |       |   435 |   457 |       |       |       ||   892
         Trident           |       |       |       |   329 |    11 |       |       ||   340
         Scimitar          |       |       |       |       |   684 |   432 |       ||  1116
         Demon trident     |       |       |       |       |       |   193 |   739 ||   932
         Punch             |       |       |       |       |       |       |     8 ||     8
   Fire: Hand cannon       |       |       |       |       |   143 |   351 |   181 ||   675
         Longbow           |       |       |       |       |       |       |   175 ||   175
  Throw: Boomerang         |       |    12 |     1 |    79 |    74 |     8 |     8 ||   182
   Cast: Frozen Ramparts   |       |       |       |     5 |    22 |    15 |       ||    42
         Summon Lightning  |       |       |       |       |    25 |    25 |    27 ||    77
         Summon Blazeheart |       |       |       |       |    21 |    10 |    10 ||    41
         Lesser Beckoning  |       |       |       |       |     2 |    13 |       ||    15
         Borgnjor's Vile C |       |       |       |       |       |    20 |     1 ||    21
         Yara's Violent Un |       |       |       |       |       |    33 |     3 ||    36
         Ignite Poison     |       |       |       |       |       |    20 |    13 ||    33
         Olgreb's Toxic Ra |       |       |       |       |       |    18 |     9 ||    27
         Summon Forest     |       |       |       |       |       |       |    27 ||    27
         Summon Mana Viper |       |       |       |       |       |       |    20 ||    20
         Summon Cactus Gia |       |       |       |       |       |       |    17 ||    17
 Invoke: Slouch            |       |       |       |     4 |     2 |     4 |       ||    10
         Bend Time         |       |       |       |     1 |       |       |       ||     1
  Evoke: Wand              |       |       |       |     2 |       |       |       ||     2
    Use: Potion            |       |     6 |     2 |     4 |     1 |     4 |       ||    17
         Scroll            |       |       |    21 |     5 |    11 |     5 |     1 ||    43
   Stab: Distracted        |       |       |     1 |       |     7 |     5 |    18 ||    31
         Sleeping          |       |       |       |     5 |     4 |       |     2 ||    11
 Armour: Robe              |    39 |   109 |    75 |       |       |       |       ||   223
         Chain mail        |       |       |   329 |   315 |   235 |   246 |   259 ||  1384
  Dodge: Dodged            |    59 |   150 |   323 |   409 |   494 |   614 |   697 ||  2746
  Block: Kite shield       |       |       |       |   534 |   839 |   723 |   648 ||  2744

Table legend: (Time is in decaauts)
 A = Elapsed time spent in this place.
 B = Non-inter-level travel time spent in this place.
 C = Inter-level travel time spent in this place.
 D = Time resting spent in this place.
 E = Time spent auto-exploring this place.
 F = Levels seen in this place.
 G = Mean time per level.
                   A        B        C        D        E       F      G
               +--------+--------+--------+--------+--------+-----+--------+
         Total |  68699 |  62335 |   6364 |   9692 |  34495 |  40 | 1717.5 |
       Dungeon |  20298 |  18921 |   1377 |   2087 |  12530 |  15 | 1353.2 |
        Temple |     62 |      2 |     60 |      0 |      0 |   1 |   62.0 |
          Lair |   9984 |   8988 |    996 |    643 |   6131 |   5 | 1996.8 |
        Shoals |   7380 |   6875 |    505 |   1062 |   2584 |   4 | 1845.0 |
     Snake Pit |   9401 |   8427 |    974 |   2157 |   4128 |   4 | 2350.2 |
  Orcish Mines |   3429 |   3027 |    402 |    402 |   1820 |   2 | 1714.5 |
   Elven Halls |   7938 |   6684 |   1254 |   1587 |   2472 |   3 | 2646.0 |
        Vaults |   7821 |   7030 |    791 |    858 |   4442 |   4 | 1955.2 |
       Ossuary |   1058 |   1058 |      0 |    534 |     53 |   1 | 1058.0 |
      Ice Cave |   1325 |   1325 |      0 |    359 |    332 |   1 | 1325.0 |
               +--------+--------+--------+--------+--------+-----+--------+

Top non-repeatable levels by time:
   Elf:3: 3487 daAuts
Vaults:1: 3009 daAuts
   Elf:1: 2978 daAuts
 Snake:4: 2702 daAuts
 Snake:1: 2577 daAuts
 Snake:3: 2569 daAuts
Shoals:4: 2383 daAuts
    D:10: 2353 daAuts
Vaults:2: 2208 daAuts
  Lair:3: 2128 daAuts
    D:13: 2051 daAuts
  Lair:5: 2037 daAuts
  Lair:1: 2013 daAuts
  Lair:4: 1992 daAuts
    D:14: 1947 daAuts
